TOP OF THE 1ST |
Montgomery Grey Sox batting - Pitching for Savannah Hogs : RHP Juan Gómez
|
Pitching: RHP Juan Gómez
|
|
Batting: LHB Ron Young
|
0-0: Ball 1-0: DOUBLE (Groundball, 3L)
|
Batting: RHB Marvin Kidd
|
0-0: Called Strike 0-1: Foul Ball, location: 2F 0-2: Foul Ball, location: 2F 0-2: Ball 1-2: Ball 2-2: Foul Ball, location: 2F 2-2: Foul Ball, location: 2F 2-2: Ball 3-2: Foul Ball, location: 2F 3-2: SINGLE (Line Drive, 56D) Ron Young to third
|
Batting: LHB José Castillo
|
0-0: Foul Ball, location: 2F 0-1: Fly out, F9 (Flyball, 9LM) Runner from 3rd tags up, SCORES, throw made
|
Batting: RHB Pedro Castro
|
0-0: Ball 1-0: Foul Ball, location: 2F 1-1: Ball Marvin Kidd is caught stealing 2nd base 2-1: SINGLE (Groundball, 56D)
|
Batting: RHB Dave McGuire
|
0-0: Fly out, F9 (Flyball, 9)
|
Top of the 1st over - 1 run, 3 hits, 0 errors, 1 left on base; Montgomery 1 - Savannah 0 |
BOTTOM OF THE 1ST |
Savannah Hogs batting - Pitching for Montgomery Grey Sox : RHP Brent Shirley
|
Pitching: RHP Brent Shirley
|
|
Batting: RHB Luis Mercado
|
0-0: Ground out 6-3 (Groundball, 6S)
|
Batting: SHB Ramón Minas
|
0-0: Ball 1-0: Reached on error, E4 (Groundball, 4M)
|
Batting: SHB David Bennett
|
0-0: Ball 1-0: Called Strike Ramón Minas steals 2nd base 1-1: Ball 2-1: Ground out 4-3 (Groundball, 34) Ramón Minas to third
|
Batting: RHB Pedro Cuevas
|
0-0: Ball 1-0: Called Strike 1-1: DOUBLE (Flyball, 89D) Ramón Minas scores
|
Batting: RHB Louis Miller
|
0-0: Fly out, F9 (Flyball, 89S)
|
Bottom of the 1st over - 1 run, 1 hit, 1 error, 1 left on base; Montgomery 1 - Savannah 1 |
TOP OF THE 2ND |
Montgomery Grey Sox batting - Pitching for Savannah Hogs : RHP Juan Gómez
|
Batting: LHB Marcos Féliz
|
0-0: Ball 1-0: Called Strike 1-1: Fly out, F8 (Flyball, 78M)
|
Batting: RHB Andrew Lewis
|
0-0: Swinging Strike 0-1: Foul Ball, location: 2F 0-2: Ball 1-2: Fly out, F9 (Flyball, 9S)
|
Batting: RHB Julius Farmer
|
0-0: Called Strike 0-1: SINGLE (Line Drive, 8RS)
|
Batting: RHB Norman Hopkins
|
0-0: Ball Pickoff Throw to First - Error! E1 Julius Farmer to second 1-0: Ball 2-0: Called Strike 2-1: Swinging Strike 2-2: Foul Ball, location: 2F 2-2: Ground out 6-3 (Groundball, 56)
|
Top of the 2nd over - 0 runs, 1 hit, 1 error, 1 left on base; Montgomery 1 - Savannah 1 |
BOTTOM OF THE 2ND |
Savannah Hogs batting - Pitching for Montgomery Grey Sox : RHP Brent Shirley
|
Batting: SHB Gilberto Acevedo
|
0-0: Called Strike 0-1: Ball 1-1: Called Strike 1-2: Strikes out swinging
|
Batting: LHB Felipe Franco
|
0-0: Called Strike 0-1: Swinging Strike 0-2: Foul Ball, location: 2F 0-2: Ball 1-2: Strikes out looking
|
Batting: RHB Tucker Cooper
|
0-0: Foul Ball, location: 2F 0-1: Ball 1-1: Foul Ball, location: 2F 1-2: Ball 2-2: Strikes out swinging
|
Bottom of the 2nd over - 0 runs, 0 hits, 0 errors, 0 left on base; Montgomery 1 - Savannah 1 |
TOP OF THE 3RD |
Montgomery Grey Sox batting - Pitching for Savannah Hogs : RHP Juan Gómez
|
Batting: LHB Ron Young
|
0-0: Ball 1-0: Foul Ball, location: 2F 1-1: Foul Ball, location: 2F 1-2: Ball 2-2: Fly out, F9 (Flyball, 9LD)
|
Batting: RHB Marvin Kidd
|
0-0: Called Strike 0-1: Fly out, F8 (Line Drive, 8LD)
|
Batting: LHB José Castillo
|
0-0: Ball 1-0: Ball 2-0: Fly out, F9 (Flyball, 9D)
|
Top of the 3rd over - 0 runs, 0 hits, 0 errors, 0 left on base; Montgomery 1 - Savannah 1 |
BOTTOM OF THE 3RD |
Savannah Hogs batting - Pitching for Montgomery Grey Sox : RHP Brent Shirley
|
Batting: RHB Miguel Martínez
|
0-0: Ball 1-0: Foul Ball, location: 2F 1-1: Swinging Strike 1-2: Fly out, F7 (Flyball, 7S)
|
Batting: RHB Luis Mercado
|
0-0: Foul Ball, location: 2F 0-1: Foul Ball, location: 2F 0-2: Ball 1-2: Foul Ball, location: 2F 1-2: SINGLE (Line Drive, 56D)
|
Batting: SHB Ramón Minas
|
0-0: Ball 1-0: Ball Luis Mercado steals 2nd base 2-0: Ground out 5-3 (Groundball, 56S) Luis Mercado to third
|
Batting: SHB David Bennett
|
0-0: Ball 1-0: Ball 2-0: Called Strike 2-1: Ball 3-1: Ground out 4-3 (Groundball, 4S)
|
Bottom of the 3rd over - 0 runs, 1 hit, 0 errors, 1 left on base; Montgomery 1 - Savannah 1 |
TOP OF THE 4TH |
Montgomery Grey Sox batting - Pitching for Savannah Hogs : RHP Juan Gómez
|
Batting: RHB Pedro Castro
|
0-0: Foul Ball, location: 2F 0-1: DOUBLE (Line Drive, 78XD)
|
Batting: RHB Dave McGuire
|
0-0: Called Strike 0-1: Swinging Strike 0-2: Ball 1-2: 2-RUN HOME RUN (Flyball, 7LD), Distance : 366 ft
|
Batting: LHB Marcos Féliz
|
0-0: Ball 1-0: Foul Ball, location: 2F 1-1: Swinging Strike 1-2: SINGLE (Flyball, 8RS)
|
Batting: RHB Andrew Lewis
|
0-0: Ball 1-0: SINGLE (Popup, 5D) Marcos Féliz to second
|
Batting: RHB Julius Farmer
|
0-0: Called Strike 0-1: Fielders Choice at 2nd, 3-6 (Groundball, 3) Marcos Féliz to third
|
Batting: RHB Norman Hopkins
|
0-0: Ball 1-0: Fly out, F8 (Flyball, 8RS) Runner from 3rd tags up, SCORES, no throw
|
Batting: LHB Ron Young
|
0-0: Ball 1-0: Called Strike Julius Farmer steals 2nd base 1-1: Ball 2-1: Called Strike 2-2: Ground out 3-1 (Groundball, 34)
|
Top of the 4th over - 3 runs, 4 hits, 0 errors, 1 left on base; Montgomery 4 - Savannah 1 |
BOTTOM OF THE 4TH |
Savannah Hogs batting - Pitching for Montgomery Grey Sox : RHP Brent Shirley
|
Batting: RHB Pedro Cuevas
|
0-0: Foul Ball, location: 2F 0-1: Ball 1-1: Ground out 5-3 (Groundball, 5S)
|
Batting: RHB Louis Miller
|
0-0: Ball 1-0: SINGLE (Line Drive, 6M)
|
Batting: SHB Gilberto Acevedo
|
0-0: Called Strike 0-1: Called Strike 0-2: Ball 1-2: Strikes out swinging
|
Batting: LHB Felipe Franco
|
0-0: Foul Ball, location: 2F 0-1: SINGLE (Line Drive, 4MD) Louis Miller to second Runner from 2nd tries for 3rd, SAFE, no throw
|
Batting: RHB Tucker Cooper
|
0-0: Called Strike 0-1: Foul Ball, location: 2F 0-2: Foul Ball, location: 2F 0-2: Ball 1-2: Foul Ball, location: 2F 1-2: Ball 2-2: Ball 3-2: Fly out, F8 (Flyball, 78D)
|
Bottom of the 4th over - 0 runs, 2 hits, 0 errors, 2 left on base; Montgomery 4 - Savannah 1 |
TOP OF THE 5TH |
Montgomery Grey Sox batting - Pitching for Savannah Hogs : RHP Juan Gómez
|
Batting: RHB Marvin Kidd
|
0-0: Ball 1-0: Called Strike 1-1: Ball 2-1: Foul Ball, location: 2F 2-2: Fly out, F2 (Popup, 23F)
|
Batting: LHB José Castillo
|
0-0: Ball 1-0: Swinging Strike 1-1: Ground out 6-3 (Groundball, 6S)
|
Batting: RHB Pedro Castro
|
0-0: Foul Ball, location: 2F 0-1: Ball 1-1: DOUBLE (Line Drive, 78S)
|
Batting: RHB Dave McGuire
|
0-0: Foul Ball, location: 2F 0-1: Ball 1-1: Called Strike 1-2: Strikes out swinging
|
Top of the 5th over - 0 runs, 1 hit, 0 errors, 1 left on base; Montgomery 4 - Savannah 1 |
BOTTOM OF THE 5TH |
Savannah Hogs batting - Pitching for Montgomery Grey Sox : RHP Brent Shirley
|
Batting: RHB Miguel Martínez
|
0-0: Ball 1-0: Swinging Strike 1-1: Fly out, F8 (Flyball, 8RD)
|
Batting: RHB Luis Mercado
|
0-0: Fly out, F8 (Flyball, 89M)
|
Batting: SHB Ramón Minas
|
0-0: SINGLE (Flyball, 89M)
|
Batting: SHB David Bennett
|
0-0: Ground out 4-3 (Groundball, 4)
|
Bottom of the 5th over - 0 runs, 1 hit, 0 errors, 1 left on base; Montgomery 4 - Savannah 1 |
TOP OF THE 6TH |
Montgomery Grey Sox batting - Pitching for Savannah Hogs : RHP Juan Gómez
|
Pitching: RHP Fernando Barrios
|
|
Batting: LHB Marcos Féliz
|
0-0: Ball 1-0: Ball 2-0: Ball 3-0: Called Strike 3-1: Base on Balls
|
Batting: RHB Andrew Lewis
|
0-0: Ball 1-0: Ball 2-0: DOUBLE (Line Drive, 7LD) Marcos Féliz to third Runner from 3rd tries for Home, SAFE, no throw
|
Batting: RHB Julius Farmer
|
0-0: Intentional Walk
|
Batting: RHB Norman Hopkins
|
0-0: Ball 1-0: Called Strike 1-1: Ball 2-1: Swinging Strike 2-2: Strikes out swinging
|
Batting: LHB Ron Young
|
0-0: Called Strike 0-1: Foul Ball, location: 2F 0-2: Ball 1-2: Ball 2-2: SINGLE (Line Drive, 9LS) Andrew Lewis to third Julius Farmer to second
|
Batting: RHB Marvin Kidd
|
0-0: SINGLE (Line Drive, 8LS) Andrew Lewis scores Julius Farmer to third Ron Young to second Runner from 3rd tries for Home, SAFE, no throw
|
Pitching: RHP César Marrero
|
|
Batting: LHB José Castillo
|
0-0: Ball 1-0: Fly out, F8 (Flyball, 8RD) Runner from 2nd tags up, SAFE at 3rd, no throw
|
Batting: RHB Pedro Castro
|
0-0: Called Strike 0-1: Ball 1-1: Ball 2-1: SINGLE (Groundball, 6MD) Ron Young scores Marvin Kidd to second Runner from 2nd tries for 3rd, SAFE, no throw
|
Batting: RHB Dave McGuire
|
0-0: Foul Ball, location: 2F 0-1: Called Strike 0-2: Ground out 3-1 (Groundball, 34S)
|
Top of the 6th over - 4 runs, 4 hits, 0 errors, 2 left on base; Montgomery 8 - Savannah 1 |
BOTTOM OF THE 6TH |
Savannah Hogs batting - Pitching for Montgomery Grey Sox : RHP Brent Shirley
|
Batting: RHB Pedro Cuevas
|
0-0: Swinging Strike 0-1: Swinging Strike 0-2: Foul Ball, location: 2F 0-2: Foul Ball, location: 2F 0-2: Strikes out swinging
|
Batting: RHB Louis Miller
|
0-0: DOUBLE (Line Drive, 7LM)
|
Batting: SHB Gilberto Acevedo
|
0-0: Ball 1-0: Ground out 4-3 (Groundball, 4) Louis Miller to third
|
Batting: LHB Felipe Franco
|
0-0: Ball 1-0: Swinging Strike 1-1: Ball 2-1: Swinging Strike 2-2: Foul Ball, location: 2F 2-2: Strikes out swinging
|
Bottom of the 6th over - 0 runs, 1 hit, 0 errors, 1 left on base; Montgomery 8 - Savannah 1 |
TOP OF THE 7TH |
Montgomery Grey Sox batting - Pitching for Savannah Hogs : RHP César Marrero
|
Batting: LHB Marcos Féliz
|
0-0: Ball 1-0: Ball 2-0: Ball 3-0: Base on Balls
|
Batting: RHB Andrew Lewis
|
0-0: Ball 1-0: Called Strike 1-1: Ball 2-1: Ball 3-1: Fly out, F9 (Line Drive, 9)
|
Batting: RHB Julius Farmer
|
0-0: Swinging Strike 0-1: Ball 1-1: Ball 2-1: Ball 3-1: Called Strike 3-2: DOUBLE (Flyball, 78D) Marcos Féliz to third Runner from 3rd tries for Home, SAFE, no throw
|
Batting: RHB Norman Hopkins
|
0-0: Swinging Strike 0-1: Ball 1-1: Called Strike 1-2: Strikes out swinging
|
Batting: LHB Ron Young
|
0-0: SINGLE (Groundball, 3D) Julius Farmer to third Runner from 3rd tries for Home, SAFE, no throw
|
Batting: RHB Marvin Kidd
|
0-0: Called Strike 0-1: Ball 1-1: Ground out 6-3 (Groundball, 6MS)
|
Top of the 7th over - 2 runs, 2 hits, 0 errors, 1 left on base; Montgomery 10 - Savannah 1 |
BOTTOM OF THE 7TH |
Savannah Hogs batting - Pitching for Montgomery Grey Sox : RHP Brent Shirley
|
Batting: RHB Tucker Cooper
|
0-0: Foul Ball, location: 2F 0-1: Swinging Strike 0-2: Ball 1-2: Strikes out looking
|
Batting: RHB Miguel Martínez
|
0-0: Foul Ball, location: 2F 0-1: Ball 1-1: Ball 2-1: Swinging Strike 2-2: Strikes out looking
|
Batting: RHB Luis Mercado
|
0-0: SINGLE (Flyball, 78M)
|
Batting: SHB Ramón Minas
|
0-0: Called Strike 0-1: Ball 1-1: Ground out 5-3 (Groundball, 56S)
|
Bottom of the 7th over - 0 runs, 1 hit, 0 errors, 1 left on base; Montgomery 10 - Savannah 1 |
TOP OF THE 8TH |
Montgomery Grey Sox batting - Pitching for Savannah Hogs : RHP César Marrero
|
Batting: LHB José Castillo
|
0-0: DOUBLE (Line Drive, 8RXD)
|
Batting: RHB Pedro Castro
|
0-0: Called Strike 0-1: Ball 1-1: Foul Ball, location: 2F 1-2: Hit by Pitch
|
Batting: RHB Dave McGuire
|
0-0: Fly out, F9 (Flyball, 9D) Runner from 2nd tags up, SAFE at 3rd, no throw
|
Batting: LHB Marcos Féliz
|
0-0: Ball 1-0: Swinging Strike 1-1: Ball 2-1: Ground out 4-3 (Groundball, 4S) José Castillo scores Pedro Castro to second
|
Batting: RHB Andrew Lewis
|
0-0: Foul Ball, location: 2F 0-1: Foul Ball, location: 2F 0-2: Ball 1-2: Ball 2-2: Ball 3-2: Foul Ball, location: 2F 3-2: Strikes out swinging
|
Top of the 8th over - 1 run, 1 hit, 0 errors, 1 left on base; Montgomery 11 - Savannah 1 |
BOTTOM OF THE 8TH |
Savannah Hogs batting - Pitching for Montgomery Grey Sox : RHP Brent Shirley
|
Now at C: Greg Williams
|
|
Now at 2B: António Nevárez
|
|
Batting: SHB David Bennett
|
0-0: Ball 1-0: Called Strike 1-1: Reached on error, E3 (Groundball, 3L)
|
Batting: RHB Pedro Cuevas
|
0-0: Ball 1-0: Foul Ball, location: 2F 1-1: Fly out, F9 (Line Drive, 9LS)
|
Batting: RHB Louis Miller
|
0-0: Ball 1-0: Foul Ball, location: 2F 1-1: Swinging Strike 1-2: Ball 2-2: Strikes out swinging
|
Batting: SHB Gilberto Acevedo
|
0-0: Called Strike 0-1: Ball 1-1: Ball 2-1: Ball 3-1: Fly out, F7 (Flyball, 78S)
|
Bottom of the 8th over - 0 runs, 0 hits, 1 error, 1 left on base; Montgomery 11 - Savannah 1 |
TOP OF THE 9TH |
Montgomery Grey Sox batting - Pitching for Savannah Hogs : RHP César Marrero
|
Pinch Hitting: SHB Kenneth Cruz
|
0-0: Called Strike 0-1: Called Strike 0-2: Ground out 6-3 (Groundball, 6)
|
Batting: RHB Norman Hopkins
|
0-0: Called Strike 0-1: Ball 1-1: Ball 2-1: Ball 3-1: Base on Balls
|
Batting: LHB Ron Young
|
0-0: Fielders Choice at 2nd, 4-6 (Groundball, 4)
|
Batting: RHB Marvin Kidd
|
0-0: Called Strike 0-1: Foul Ball, location: 2F 0-2: Ball 1-2: SINGLE (Line Drive, 8LS) Ron Young to second
|
Batting: LHB José Castillo
|
0-0: SINGLE (Groundball, 4MD) Ron Young to third Marvin Kidd to second Runner from 3rd tries for Home, SAFE, throw made home
|
Batting: RHB Greg Williams
|
0-0: Called Strike 0-1: Foul Ball, location: 2F 0-2: Fly out, F8 (Flyball, 8LS)
|
Top of the 9th over - 1 run, 2 hits, 0 errors, 2 left on base; Montgomery 12 - Savannah 1 |
BOTTOM OF THE 9TH |
Savannah Hogs batting - Pitching for Montgomery Grey Sox : RHP Brent Shirley
|
Now at 3B: Randall James
|
|
Now at SS: Alberto García
|
|
Batting: LHB Felipe Franco
|
0-0: Foul Ball, location: 2F 0-1: Ball 1-1: Called Strike 1-2: Foul Ball, location: 2F 1-2: Foul Ball, location: 2F 1-2: Foul Ball, location: 2F 1-2: Strikes out swinging
|
Batting: RHB Tucker Cooper
|
0-0: Called Strike 0-1: Ball 1-1: SINGLE (Line Drive, 34D)
|
Pitching: LHP Jared Steele
|
|
Batting: RHB Miguel Martínez
|
0-0: Ball 1-0: Ball 2-0: Ball 3-0: Called Strike 3-1: SINGLE (Line Drive, 34) Tucker Cooper to second
|
Batting: RHB Luis Mercado
|
0-0: SINGLE (Groundball, 6) (infield hit) Tucker Cooper to third Miguel Martínez to second
|
Batting: SHB Ramón Minas
|
0-0: SINGLE (Flyball, 89M) Tucker Cooper scores Miguel Martínez to third Luis Mercado to second
|
Batting: SHB David Bennett
|
0-0: Grounds into double play, 6-4-3 (Groundball, 6)
|
Bottom of the 9th over - 1 run, 4 hits, 0 errors, 2 left on base; Montgomery 12 - Savannah 2 |
|